 Dungeon Crawl Stone Soup version 0.22-a0-469-gf26638a (webtiles) character file.

34 Galder the Caller (level 3, -4/19 HPs)
             Began as a Deep Elf Summoner on June 12, 2018.
             Slain by a worm (9 damage)
             ... on level 3 of the Dungeon.
             The game lasted 00:11:21 (1004 turns).

Galder the Caller (Deep Elf Summoner)               Turns: 1004, Time: 00:11:22

Health: -4/19      AC:  3    Str:  6    XL:     3   Next: 14%
Magic:  4/10       EV: 13    Int: 19    God:
Gold:   67         SH:  0    Dex: 15    Spells: 5/9 levels left

rFire    . . .     SeeInvis .   f - +0 spear
rCold    . . .     Gourm    .   (no shield)
rNeg     . . .     Faith    .   a - +0 robe
rPois    .         Spirit   .   (no helmet)
rElec    .         Reflect  .   (no cloak)
rCorr    .         Harm     .   (no gloves)
MR       .....                  n - +0 pair of boots (curse)
Stlth    ++........             (no amulet)
HPRegen  0.06/turn              (no ring)
MPRegen  0.12/turn              (no ring)

@: no status effects
A: no striking features
a: no special abilities


You were on level 3 of the Dungeon.
You were not hungry.

You visited 1 branch of the dungeon, and saw 3 of its levels.

You collected 67 gold pieces.

Inventory:

Hand Weapons
 d - a +0 dagger
 e - a +0 spear
 f - a +0 spear (weapon)
 i - a +0 spear
 o - a +0 spear
Missiles
 k - 15 stones (quivered)
Armour
 a - a +0 robe (worn)
 n - a cursed +0 pair of boots (worn)
Scrolls
 b - a scroll of enchant armour {unknown}
 h - a scroll of identify {unknown}
 l - 3 scrolls of amnesia {unknown}
 p - a scroll of blinking {unknown}
Potions
 g - 4 potions of invisibility {unknown}
 m - a potion of lignification {unknown}
Comestibles
 c - 4 rations


   Skills:
 + Level 2.9 Dodging
 + Level 3.0 Stealth
 * Level 3.9 Spellcasting
 + Level 4.6 Summonings


You had 5 spell levels left.
You knew the following spells:

 Your Spells              Type           Power        Failure   Level  Hunger
a - Summon Small Mammal   Summ           ###.         1%          1    None
b - Call Canine Familiar  Summ           ###.....     6%          3    ###....

Your spell library contained the following spells:

 Spells                   Type           Power        Failure   Level  Hunger
 Summon Ice Beast         Ice/Summ       ##......     47%         4    ####...
 Call Imp                 Summ           ###.....     3%          2    ##.....
 Summon Lightning Spire   Summ/Air       ##......     47%         4    ####...
 Summon Guardian Golem    Hex/Summ       ##......     16%         3    ###....


Dungeon Overview and Level Annotations

Branches:
Dungeon (3/15)

Altars:


Message History

The bat closely misses you.
Your quokka bites the orc.
The bat closely misses your quokka. The orc closely misses your quokka.
The orc barely misses your rat. The orc closely misses your quokka.
The orc misses your quokka.
The orc wizard looks braver for a moment.
Your bat hits the worm. Your quokka misses the orc.
Your rat bites the orc.
The bat hits your bat.
Your bat hits the bat. The bat hits your bat.
The orc closely misses your quokka. The orc hits your quokka.
Your quokka dies!
Your quokka's corpse disappears in a puff of smoke!
Something unseen opens the door.
The orc hits your rat with a mace.
Your rat dies!
Your rat's corpse disappears in a puff of smoke!
Your rat bites the orc but does no damage.
The orc shouts!
You hit the worm.
The worm is moderately wounded.
The bat barely misses you.
Your bat hits the bat. The bat hits your rat.
Your rat barely misses the bat.
The worm bites you!
You die...

#.............#
#..?..........#
#.^$..........#
#.............#
#....../......#
#....br.......#
#....bo§......#
#..@woooo....!#
#####o#s)..####
##o......
....... .......
....... ....)..
.......


You could see a worm, 2 orc wizards, 4 orcs, a giant cockroach, a bat, a
friendly bat and a friendly rat.

Vanquished Creatures
  A giant cockroach (D:1)
  A goblin (D:1)
  A kobold (D:1)
3 creatures vanquished.

Vanquished Creatures (collateral kills)
  An adder (D:2)
  A worm (D:2)
  2 dart slugs
  2 leopard geckos (D:2)
  3 bats (D:1)
  2 giant cockroaches
  5 goblins (D:1)
  2 hobgoblins (D:1)
  4 kobolds (D:1)
  A ball python (D:1)
  A frilled lizard (D:2)
  6 rats
30 creatures vanquished.

Grand Total: 33 creatures vanquished

Notes
Turn   | Place    | Note
-------+----------+-------------------------------------------
     0 | D:1      | Galder the Deep Elf Summoner began the quest for the Orb.
     0 | D:1      | Reached XP level 1. HP: 10/10 MP: 6/6
   249 | D:1      | Reached XP level 2. HP: 15/15 MP: 4/8
   687 | D:2      | Reached XP level 3. HP: 19/19 MP: 6/10
   797 | D:2      | Learned a level 3 spell: Call Canine Familiar
  1004 | D:3      | Slain by a worm

Vault maps used:
D:1:      doesnt_arrival_eight_statues
D:2:      first_ration
D:3:      nicolae_ru_awakened_eye

Skill      XL: |  1  2  3 |
---------------+----------+-----
Stealth        | 3 |  3.0
Dodging        | |  2.9
Spellcasting   | |  3.9
Summonings     | |  4.6

Action                   || total
-------------------------++-------
Melee: Spear             ||    21
 Cast: Summon Small Mamm ||    71
       Call Canine Famil ||     2
 Stab: Sleeping          ||     1
Armor: Robe              ||     3
Dodge: Dodged            ||    36

Table legend:
 A = Spawn XP
 B = Non-spawn XP
 C = Spawn XP percentage of total XP
 D = Spawn monster count
 E = Non-spawn monster count
 F = Spawn count percentage of total count
 G = Total turns spent on level
                    A         B        C        D         E        F      G
               +---------+---------+-------+---------+---------+-------+---------
         Total |       0 |      49 |   0.0 |       0 |      33 |   0.0 |  1004
               +---------+---------+-------+---------+---------+-------+---------
           D:1 |       0 |      28 |   0.0 |       0 |      23 |   0.0 |   598
           D:2 |       0 |      21 |   0.0 |       0 |      10 |   0.0 |   395
               +---------+---------+-------+---------+---------+-------+---------
